Map: Lightshade LE

Players

Trap

  • Race: Protoss Protoss
  • League: Master
  • Spawn Location: 11:00

Astrea - Winner!

  • Race: Protoss Protoss
  • League: Master
  • Spawn Location: 5:00

Event: DreamHack SC2 Masters 2020 Winter

VOD

Have the link to the VOD?

Description

Time

  • Played on: Nov. 12, 2020, 12:27 p.m.
  • Length: 32:03

All games in this series

Show
View Real Time Build Order
Export as new Build Order

Trap Protoss 

Build Orders: Phoenix Opening 

Get SALT Encoding   

  12  0:00  Probe  
  13  0:12  Probe  
  14  0:18  Pylon  
  14  0:24  Probe (Chrono Boost)  
  15  0:36  Gateway, Probe (Chrono Boost)  
  16  0:44  Probe (Chrono Boost)  
  16  0:45  Assimilator  
  17  0:51  Probe  
  18  1:03  Probe (Chrono Boost)  
  19  1:04  Assimilator  
  19  1:11  Gateway  
  19  1:14  Probe (Chrono Boost)  
  20  1:18  Probe (Chrono Boost)  
  20  1:23  Cybernetics Core  
  21  1:29  Probe  
  22  1:34  Pylon  
  22  1:41  Probe  
  23  1:53  Probe  
  24  2:00  Stalker x2  
  28  2:02  Warp Gate  
  28  2:17  Pylon  
  28  2:27  Stargate  
  28  2:34  Stalker  
  30  2:44  Stalker  
  32  2:47  Shield Battery  
  31  3:03  Shield Battery  
  31  3:11  Phoenix  
  33  3:25  Nexus  
  33  3:35  Phoenix (Chrono Boost)  
  33  3:38  Probe  
  36  3:50  Probe  
  36  3:51  Phoenix (Chrono Boost)  
  39  4:04  Pylon  
  39  4:21  Probe  
  39  4:22  Phoenix  
  41  4:28  Adept x2  
  45  4:37  Probe (Chrono Boost)  
  45  4:38  Shield Battery, Probe (Chrono Boost)  
  48  4:46  Probe (Chrono Boost)  
  48  4:48  Probe (Chrono Boost)  
  48  4:49  Phoenix  
  48  4:51  Probe (Chrono Boost)  
  51  4:57  Probe  
  53  5:02  Robotics Facility  
  53  5:08  Probe  
  53  5:10  Probe  
  53  5:12  Stalker  
  57  5:24  Probe (Chrono Boost)  
  57  5:25  Probe (Chrono Boost)  
  59  5:35  Pylon  
  60  5:36  Probe (Chrono Boost)  
  60  5:41  Probe (Chrono Boost)  
  61  5:43  Probe (Chrono Boost)  
  62  5:52  Pylon  
  62  5:53  Pylon, Probe  
  62  5:56  Zealot, Observer (Chrono Boost)  
  65  5:58  Zealot  
  65  6:03  Probe  
  64  6:05  Probe  
  63  6:17  Probe x2  
  63  6:25  Observer  
  64  6:30  Probe (Chrono Boost)  
  66  6:35  Twilight Council  
  66  6:36  Probe (Chrono Boost)  
  66  6:39  Assimilator  
  67  6:40  Probe (Chrono Boost)  
  67  6:43  Probe (Chrono Boost)  
  67  6:46  Pylon, Probe  
  69  6:55  Probe  
  69  6:58  Probe  
  69  7:04  Forge  
  69  7:07  Assimilator, Probe  
  70  7:10  Blink (Chrono Boost), Probe  
  71  7:17  Immortal  
  71  7:20  Probe  
  71  7:22  Probe  
  77  7:29  Gateway  
  77  7:30  Sentry x2  
  81  7:37  Protoss Ground Weapons Level 1  
  79  7:56  Nexus  
  79  7:57  Dark Shrine  
  79  8:00  Immortal (Chrono Boost)  
  83  8:12  Shield Battery  
  80  8:18  Sentry  
  80  8:19  Stalker  
  84  8:22  Gateway  
  84  8:25  Gateway  
  84  8:26  Probe x2  
  86  8:34  Immortal (Chrono Boost)  
  86  8:40  Probe x2  
  87  8:49  Pylon  
  87  8:52  Stalker x3  
  93  9:02  Pylon  
  93  9:06  Immortal  
  93  9:19  Dark Templar x2  
  93  9:23  Dark Templar  
  97  9:28  Probe (Chrono Boost)  
  97  9:29  Probe (Chrono Boost)  
  98  9:32  Probe (Chrono Boost)  
  100  9:39  Probe x2 (Chrono Boost)  
  100  9:42  Charge, Probe (Chrono Boost)  
  102  9:46  Stalker  
  103  9:53  Shield Battery  
  103  9:54  Shield Battery  
  103  9:56  Shield Battery  
  103  10:02  Stalker x3  
  107  10:11  Probe x3  
  110  10:15  Protoss Ground Weapons Level 2 (Chrono Boost)  
  110  10:20  Assimilator  
  108  10:23  Probe x3  
  108  10:24  Assimilator  
  108  10:27  Robotics Bay  
  110  10:36  Photon Cannon  
  110  10:39  Photon Cannon x2  
  110  10:46  Dark Templar, Pylon  
  110  10:48  Pylon  
  110  10:55  Gateway x2  
  110  10:56  Observer  
  111  11:00  Robotics Facility  
  111  11:08  Disruptor  
  111  11:10  Zealot x4  
  119  11:15  Pylon  
  122  11:28  Probe x3  
  123  11:45  Disruptor x2 (Chrono Boost)  
  127  11:50  Nexus  
  127  11:51  Stalker x3  
  133  11:57  Gravitic Boosters  
  133  11:59  Probe x3  
  136  12:04  Pylon  
  136  12:08  Dark Templar x2  
  137  12:15  Disruptor (Chrono Boost)  
  139  12:25  Disruptor (Chrono Boost)  
  139  12:27  Stalker x3  
  145  12:31  Photon Cannon  
  145  12:35  Protoss Ground Weapons Level 3 (Chrono Boost)  
  145  12:37  Shadow Stride (Chrono Boost)  
  145  12:45  Photon Cannon  
  145  12:49  Photon Cannon  
  145  12:56  Pylon  
  145  12:57  Pylon x2  
  145  13:10  Nexus  
  145  13:13  Disruptor (Chrono Boost)  
  139  13:22  Dark Templar x3  
  139  13:23  Stalker x2  
  138  13:38  Disruptor (Chrono Boost)  
  141  13:41  Photon Cannon  
  141  13:44  Pylon, Observer  
  141  13:45  Pylon  
  141  13:46  Disruptor (Chrono Boost)  
  144  13:50  Probe x3  
  147  13:59  Photon Cannon  
  146  14:04  Disruptor (Chrono Boost)  
  146  14:08  Photon Cannon  
  149  14:11  Disruptor (Chrono Boost)  
  149  14:26  Probe  
  149  14:27  Probe x3  
  149  14:29  Disruptor (Chrono Boost)  
  153  14:37  Dark Templar x3, Disruptor (Chrono Boost)  
  165  14:45  Photon Cannon x2  
  157  14:57  Disruptor (Chrono Boost)  
  157  14:58  Nexus  
  157  14:59  Pylon  
  157  15:03  Disruptor (Chrono Boost)  
  163  15:17  Zealot  
  163  15:18  Observer  
  163  15:19  Protoss Ground Armor Level 1 (Chrono Boost)  
  165  15:25  Gateway  
  165  15:27  Photon Cannon, Gateway  
  163  15:30  Photon Cannon  
  163  15:33  Photon Cannon, Probe x4  
  167  15:37  Photon Cannon  
  167  15:40  Stalker x2  
  167  15:41  Stalker x2  
  175  15:43  Disruptor (Chrono Boost)  
  175  15:44  Observer (Chrono Boost)  
  179  15:51  Pylon  
  177  16:06  Dark Templar x4  
  177  16:07  Zealot x3  
  173  16:27  Disruptor (Chrono Boost)  
  155  16:37  Disruptor (Chrono Boost)  
  144  16:43  Stalker x2, Zealot x3, Observer  
  144  16:44  Zealot x4  
  165  16:50  Nexus  
  153  17:14  Disruptor (Chrono Boost)  
  150  17:18  Pylon  
  150  17:21  Assimilator x2  
  145  17:37  Assimilator  
  145  17:40  Dark Templar  
  145  17:41  Assimilator, Dark Templar  
  146  17:45  Pylon  
  146  17:50  Observer (Chrono Boost), Probe x3  
  146  17:51  Probe  
  150  17:59  Pylon  
  150  18:01  Stalker x6, Zealot x2  
  150  18:02  Zealot  
  166  18:06  Photon Cannon  
  146  18:29  Stalker x5  
  146  18:30  Stalker x3  
  146  18:34  Photon Cannon  
  162  18:37  Photon Cannon  
  162  18:42  Protoss Shields Level 1 (Chrono Boost)  
  162  18:45  Disruptor (Chrono Boost)  
  162  18:46  Warp Prism (Chrono Boost)  
  162  18:48  Photon Cannon  
  165  19:02  Stalker x3  
  167  19:03  Stalker, Zealot x2  
  175  19:11  Zealot x3  
  177  19:27  Disruptor x2  
  162  19:42  Dark Templar x2  
  162  19:43  Dark Templar  
  168  19:51  Dark Templar  
  170  19:55  Nexus  
  170  20:04  Dark Templar  
  170  20:05  Dark Templar  
  170  20:06  Zealot x3  
  167  20:17  Probe x3  
  167  20:18  Probe  
  149  20:28  Disruptor x2 (Chrono Boost)  
  150  20:29  Probe  
  150  20:35  Pylon  
  148  20:38  Photon Cannon  
  148  20:39  Probe x2  
  148  20:40  Photon Cannon, Probe  
  148  20:41  Probe  
  152  20:48  Stalker x6  
  164  21:00  Observer x2 (Chrono Boost)  
  166  21:04  Pylon  
  165  21:15  Disruptor, Observer  
  168  21:24  Stalker  
  168  21:25  Stalker x5  
  178  21:37  Photon Cannon  
  177  21:40  Photon Cannon  
  177  21:46  Observer  
  174  21:51  Observer  
  175  22:00  Nexus  
  173  22:22  Stalker x5  
  169  22:23  Stalker  
  164  22:38  Observer  
  164  22:42  Stalker x2  
  164  22:43  Stalker  
  168  22:47  Stalker x2  
  168  22:48  Stalker x2  
  176  22:54  Observer  
  176  22:58  Stalker x2  
  181  23:02  Pylon  
  180  23:30  Observer  
  180  23:32  Photon Cannon  
  180  23:34  Photon Cannon  
  180  23:38  Dark Templar x3  
  180  23:39  Dark Templar  
  178  23:45  Nexus  
  174  23:56  Stalker x4, Observer  
  174  24:13  Stalker x4  
  174  24:14  Zealot  
  182  24:27  Observer  
  165  24:40  Pylon  
  165  24:44  Stalker x4  
  142  24:51  Nexus  
  140  24:54  Nexus  
  140  24:59  Stalker x3  
  146  25:03  Assimilator  
  146  25:04  Assimilator  
  146  25:10  Stalker x2  
  142  25:25  Observer  
  138  25:31  Stalker x3  
  138  25:33  Pylon  
  138  25:35  Assimilator  
  143  25:38  Assimilator  
  143  25:47  Stalker x2  
  143  25:48  Stalker  
  147  25:56  Photon Cannon, Stalker x2  
  151  25:59  Shield Battery  
  151  26:02  Shield Battery  
  147  26:04  Stalker  
  147  26:05  Stalker  
  147  26:09  Observer  
  152  26:12  Observer  
  152  26:17  Stalker x2  
  152  26:18  Stalker  
  158  26:22  Observer  
  143  26:54  Stalker x3  
  143  26:55  Stalker x3  
  143  27:00  Observer x2  
  118  27:37  Stalker x7, Observer  
  123  27:45  Observer  
  99  28:11  Stalker x2  
  101  28:15  Nexus  
  101  28:26  Stalker  
  103  28:27  Assimilator  
  85  29:07  Stalker x3  
  87  29:16  Observer  
  87  29:23  Probe x2 (Chrono Boost)  
  90  29:26  Probe (Chrono Boost)  
  90  29:28  Probe (Chrono Boost)  
  90  29:31  Probe (Chrono Boost)  
  92  29:32  Observer  
  92  29:34  Probe x2 (Chrono Boost)  
  92  29:37  Probe (Chrono Boost)  
  96  29:38  Stalker x2, Probe (Chrono Boost)  
  96  29:39  Stalker, Probe x2 (Chrono Boost)  
  96  29:44  Probe  
  105  29:48  Observer (Chrono Boost), Probe  
  105  29:49  Probe x2  
  108  30:07  Stalker x2  
  108  30:08  Stalker  
  108  30:14  Stalker  
  116  30:16  Zealot x3  
  119  30:26  Stalker x2  
  121  30:37  Stalker  
  119  30:51  Zealot  
  119  30:52  Zealot x6  
  71  31:25  Stalker x5  
  75  31:26  Stalker  
Show
View Real Time Build Order
Export as new Build Order

Astrea Protoss - Winner!

Build Orders: Oracle Opening 

Get SALT Encoding   

  12  0:00  Probe  
  13  0:12  Probe  
  14  0:17  Pylon  
  14  0:24  Probe (Chrono Boost)  
  15  0:37  Gateway, Probe (Chrono Boost)  
  16  0:44  Probe (Chrono Boost)  
  16  0:47  Assimilator  
  17  0:51  Probe  
  17  0:54  Assimilator  
  18  1:03  Probe (Chrono Boost)  
  19  1:13  Probe (Chrono Boost)  
  19  1:14  Pylon  
  19  1:18  Probe (Chrono Boost)  
  20  1:24  Cybernetics Core  
  21  1:29  Probe  
  22  1:41  Probe  
  23  1:53  Probe  
  24  2:00  Stalker (Chrono Boost)  
  24  2:01  Warp Gate  
  26  2:06  Probe  
  27  2:10  Stargate  
  27  2:18  Probe  
  27  2:21  Stalker (Chrono Boost)  
  28  2:28  Pylon  
  30  2:38  Nexus  
  30  2:50  Probe  
  30  2:54  Oracle  
  33  3:01  Gateway  
  33  3:07  Shield Battery  
  33  3:08  Probe  
  33  3:20  Twilight Council  
  33  3:21  Probe  
  34  3:32  Void Ray  
  34  3:34  Probe  
  37  3:46  Probe  
  38  3:50  Stalker  
  40  3:56  Probe  
  40  3:58  Probe  
  42  4:11  Dark Shrine  
  40  4:19  Probe x2  
  40  4:20  Stalker  
  44  4:31  Probe x2  
  44  4:33  Shield Battery  
  44  4:34  Stalker  
  48  4:43  Probe (Chrono Boost)  
  48  4:45  Pylon  
  50  4:48  Probe (Chrono Boost)  
  50  4:50  Pylon  
  51  4:54  Probe (Chrono Boost)  
  51  4:57  Probe (Chrono Boost)  
  51  4:59  Shield Battery  
  52  5:01  Probe  
  53  5:08  Probe  
  53  5:10  Shield Battery  
  54  5:15  Probe  
  54  5:18  Pylon  
  54  5:20  Probe  
  56  5:25  Dark Templar x2  
  55  5:29  Probe  
  55  5:32  Probe  
  56  5:36  Assimilator  
  56  5:37  Assimilator  
  56  5:39  Blink (Chrono Boost)  
  56  5:41  Probe  
  57  5:44  Probe  
  58  5:50  Pylon  
  58  5:54  Probe  
  58  5:56  Forge, Probe  
  57  6:06  Probe  
  57  6:08  Probe  
  59  6:14  Stalker  
  59  6:16  Nexus  
  59  6:18  Probe (Chrono Boost)  
  62  6:20  Probe (Chrono Boost)  
  62  6:22  Protoss Ground Weapons Level 1 (Chrono Boost)  
  61  6:30  Probe (Chrono Boost)  
  61  6:31  Gateway  
  61  6:32  Probe (Chrono Boost)  
  63  6:33  Stalker  
  63  6:35  Probe (Chrono Boost)  
  63  6:36  Probe (Chrono Boost)  
  67  6:42  Stalker  
  67  6:43  Pylon  
  67  6:44  Probe  
  67  6:46  Probe  
  66  6:56  Probe  
  66  6:59  Probe  
  68  7:04  Stalker  
  70  7:08  Probe  
  70  7:10  Stalker  
  70  7:11  Probe  
  74  7:20  Probe  
  74  7:21  Pylon  
  74  7:22  Shield Battery  
  75  7:23  Probe  
  75  7:24  Robotics Facility  
  75  7:27  Pylon  
  75  7:29  Stalker x2  
  80  7:30  Probe  
  80  7:33  Charge  
  81  7:38  Probe  
  81  7:40  Stalker  
  80  7:46  Probe x2  
  82  7:52  Stalker x2  
  82  7:54  Probe  
  82  7:58  Probe x2  
  89  8:06  Probe  
  89  8:08  Stalker  
  89  8:12  Gateway  
  92  8:15  Gateway  
  92  8:17  Stalker x2  
  92  8:18  Gateway, Protoss Ground Weapons Level 2 (Chrono Boost)  
  92  8:19  Observer  
  95  8:34  Pylon  
  95  8:35  Gateway  
  95  8:37  Gateway  
  96  8:41  Observer (Chrono Boost)  
  96  8:44  Stalker x3  
  102  8:49  Probe x3  
  102  8:55  Warp Prism (Chrono Boost)  
  107  9:03  Pylon  
  107  9:10  Stalker x5  
  117  9:27  Stalker  
  117  9:28  Nexus  
  119  9:36  Dark Templar x3  
  125  9:44  Observer  
  125  9:46  Pylon  
  125  9:48  Probe  
  125  9:49  Probe x2  
  122  9:54  Stalker  
  122  9:55  Stalker  
  122  10:00  Stalker  
  109  10:21  Probe x2 (Chrono Boost)  
  109  10:22  Probe (Chrono Boost)  
  109  10:30  Probe (Chrono Boost)  
  109  10:31  Probe x2 (Chrono Boost)  
  109  10:34  Observer  
  109  10:35  Probe x2 (Chrono Boost)  
  109  10:36  Probe (Chrono Boost)  
  109  10:41  Probe  
  113  10:47  Probe x2  
  113  10:48  Probe  
  116  10:51  Photon Cannon  
  116  10:53  Probe  
  116  10:56  Stalker x3  
  123  10:57  Protoss Ground Weapons Level 3 (Chrono Boost)  
  123  10:59  Probe  
  123  11:00  Probe x2  
  126  11:06  Probe  
  126  11:10  Dark Templar  
  129  11:13  Probe x3  
  132  11:24  Probe  
  132  11:25  Probe  
  129  11:32  Probe  
  129  11:35  Probe  
  129  11:36  Probe  
  129  11:37  Probe  
  131  11:42  Stalker x5  
  131  11:44  Probe  
  131  11:46  Stalker  
  131  11:47  Probe  
  145  11:49  Probe x2  
  145  11:56  Probe  
  145  11:58  Photon Cannon, Shield Battery  
  146  12:01  Stalker  
  146  12:04  Pylon  
  146  12:06  Pylon, Observer  
  146  12:07  Pylon  
  148  12:09  Pylon  
  146  12:21  Probe x3  
  147  12:23  Assimilator x2  
  147  12:25  Photon Cannon  
  147  12:26  Robotics Bay  
  147  12:29  Robotics Facility  
  147  12:33  Shield Battery  
  147  12:35  Photon Cannon  
  147  12:36  Photon Cannon  
  147  12:42  Stalker x4  
  147  12:43  Robotics Facility  
  154  12:59  Shield Battery  
  154  13:01  Shield Battery  
  154  13:02  Pylon  
  154  13:04  Stalker x4  
  154  13:05  Stalker  
  164  13:11  Stalker x3  
  152  13:29  Disruptor x2 (Chrono Boost)  
  152  13:30  Disruptor (Chrono Boost)  
  152  13:31  Pylon  
  152  13:33  Pylon  
  155  13:36  Pylon  
  155  13:38  Pylon  
  155  13:39  Pylon  
  149  13:41  Photon Cannon  
  149  13:45  Observer  
  149  13:46  Assimilator  
  149  13:47  Assimilator, Probe x2  
  151  13:54  Probe x2  
  153  13:56  Disruptor x3 (Chrono Boost)  
  162  14:09  Pylon  
  162  14:13  Stalker x5  
  172  14:21  Pylon  
  163  14:29  Photon Cannon  
  163  14:34  Pylon  
  163  14:36  Stalker x5  
  163  14:37  Stalker x3  
  179  14:44  Observer x2  
  180  14:59  Protoss Shields Level 1 (Chrono Boost)  
  180  15:06  Photon Cannon  
  180  15:08  Photon Cannon  
  180  15:10  Pylon  
  180  15:13  Nexus  
  178  15:16  Stalker x6  
  178  15:20  Observer (Chrono Boost)  
  189  15:23  Stalker x2  
  189  15:26  Observer (Chrono Boost)  
  196  15:29  Disruptor (Chrono Boost)  
  196  15:32  Observer  
  196  15:38  Shadow Stride (Chrono Boost)  
  196  15:39  Nexus  
  196  15:45  Pylon  
  196  15:51  Pylon  
  196  15:53  Gravitic Boosters (Chrono Boost)  
  196  16:01  Stalker  
  196  16:02  Stalker, Photon Cannon  
  196  16:03  Photon Cannon  
  200  16:04  Shield Battery  
  200  16:14  Photon Cannon  
  158  16:44  Stalker x8  
  172  16:47  Robotics Facility x2  
  172  16:48  Robotics Facility  
  172  16:54  Observer  
  172  16:59  Observer  
  171  17:01  Observer  
  169  17:18  Dark Templar x8  
  183  17:37  Nexus  
  179  17:54  Disruptor x3 (Chrono Boost)  
  184  18:11  Observer  
  184  18:18  Observer  
  184  18:21  Observer  
  184  18:22  Stalker x3, Disruptor x3  
  184  18:23  Zealot x2  
  188  18:36  Assimilator x2  
  188  18:45  Photon Cannon  
  188  18:47  Photon Cannon  
  188  18:49  Photon Cannon, Zealot x6  
  188  18:51  Photon Cannon  
  188  18:52  Shield Battery  
  200  18:55  Photon Cannon  
  200  18:58  Disruptor  
  200  18:59  Photon Cannon  
  199  19:07  Protoss Shields Level 2 (Chrono Boost)  
  199  19:08  Photon Cannon  
  199  19:09  Photon Cannon  
  199  19:13  Photon Cannon  
  199  19:15  Photon Cannon  
  199  19:16  Pylon  
  197  19:25  Sentry  
  197  19:29  Observer  
  183  19:39  Stalker x5  
  183  19:40  Stalker x2  
  195  19:55  Nexus  
  173  20:27  Stalker x8  
  188  20:33  Observer x3 (Chrono Boost)  
  190  20:50  Probe x3  
  190  20:51  Pylon  
  190  20:54  Pylon  
  193  20:57  Dark Templar x3  
  193  21:03  Nexus  
  199  21:10  Pylon  
  197  21:34  Photon Cannon  
  197  21:38  Photon Cannon  
  197  21:39  Dark Templar  
  199  21:42  Photon Cannon  
  199  21:44  Shield Battery  
  199  21:45  Protoss Shields Level 3 (Chrono Boost)  
  199  21:47  Pylon  
  199  21:56  Assimilator  
  199  21:57  Assimilator  
  199  21:58  Photon Cannon  
  199  22:00  Pylon  
  197  22:25  Nexus  
  191  22:40  Observer x2  
  191  22:42  Observer  
  190  22:54  Dark Templar x5  
  198  23:00  Gateway x2  
  198  23:19  Disruptor  
  192  23:46  Nexus  
  188  23:48  Pylon  
  188  23:51  Pylon  
  184  24:00  Dark Templar x8  
  181  24:30  Stalker x2  
  172  24:33  Stalker x2  
  172  24:34  Stalker x5  
  166  24:48  Observer x3  
  167  24:54  Photon Cannon  
  167  24:56  Photon Cannon  
  167  24:57  Photon Cannon  
  167  25:03  Dark Templar x10  
  167  25:04  Photon Cannon, Pylon  
  167  25:06  Photon Cannon  
  187  25:09  Shield Battery  
  185  25:38  Stalker x9  
  189  25:50  Protoss Ground Armor Level 1 (Chrono Boost)  
  189  25:51  Probe x3  
  189  25:52  Photon Cannon, Probe x3  
  189  25:53  Photon Cannon  
  189  25:54  Shield Battery  
  189  25:55  Observer  
  189  25:56  Shield Battery  
  193  26:11  Dark Templar x3  
  199  26:32  Observer x2 (Chrono Boost)  
  192  27:02  Dark Templar x4  
  192  27:04  Assimilator  
  192  27:06  Assimilator  
  187  27:21  Dark Templar x4  
  187  27:22  Dark Templar x2  
  188  27:28  Disruptor x2  
  188  27:29  Disruptor  
  168  27:43  Stalker x4  
  148  28:03  Disruptor (Chrono Boost)  
  148  28:04  Disruptor x2 (Chrono Boost)  
  156  28:19  Stalker x10  
  176  28:30  Disruptor (Chrono Boost)  
  176  28:31  Disruptor x2 (Chrono Boost)  
  151  28:49  Zealot x10  
  163  29:06  Nexus  
  172  29:11  Pylon  
  172  29:15  Photon Cannon  
  172  29:18  Photon Cannon x2  
  172  29:20  Observer x3 (Chrono Boost)  
  172  29:21  Pylon  
  166  29:33  Photon Cannon  
  166  29:35  Observer  
  166  29:37  Stalker  
  166  29:38  Stalker x9  
  186  29:54  Observer  
  186  30:06  Photon Cannon  
  185  30:08  Photon Cannon  
  185  30:09  Photon Cannon  
  185  30:10  Dark Templar  
  185  30:11  Photon Cannon, Dark Templar x6  
  185  30:12  Observer  
  185  30:13  Photon Cannon  
  199  30:14  Shield Battery  
  197  30:26  Observer x2  
  168  31:04  Stalker x4  
  168  31:05  Stalker x6  
  168  31:09  Disruptor x3  
  187  31:14  Photon Cannon, Probe x5  
  187  31:15  Pylon  
  192  31:21  Observer  
  192  31:29  Observer  
  192  31:37  Stalker x5  
Tags
 
Add a new tag
Caveats
  • Supply blocks, unpowered buildings, or Contaminate may cause inaccurate times.
  • Supply counts are checked every 10 seconds.